TOP OF THE 1ST |
Hagerstown Suns batting - Pitching for Fort Wayne TinCaps : LHP Juan Lopez
|
Pitching: LHP Juan Lopez
|
|
Batting: RHB John Savard
|
0-0: Ground out U3 (Groundball, 34, EV 96.2 MPH)
|
Batting: RHB Steve Bauman
|
0-0: Ball 1-0: Ball 2-0: Called Strike 2-1: Ball 3-1: Foul Ball, location: 2F 3-2: Ground out 5-3 (Groundball, 5, EV 83.8 MPH)
|
Batting: LHB Nate Melendez
|
0-0: Ball 1-0: Ball 2-0: Fly out, F7 (Line Drive, 7D, EV 95.6 MPH)
|
Top of the 1st over - 0 runs, 0 hits, 0 errors, 0 left on base; Hagerstown 0 - Fort Wayne 0 |
BOTTOM OF THE 1ST |
Fort Wayne TinCaps batting - Pitching for Hagerstown Suns : RHP Cory Jones
|
Pitching: RHP Cory Jones
|
|
Batting: LHB Phil Lerner
|
0-0: Called Strike 0-1: Ground out 4-3 (Groundball, 4S, EV 95.0 MPH)
|
Batting: LHB Angel Mejia
|
0-0: Ball 1-0: Ball 2-0: Called Strike 2-1: Foul Ball, location: 2F 2-2: Fly out, F7 (Flyball, 7LD, EV 90.0 MPH)
|
Batting: SHB Adam Martin
|
0-0: Ball 1-0: Ball 2-0: Hit by Pitch
|
Batting: LHB James Sousa
|
0-0: Called Strike Adam Martin steals 2nd base 0-1: Called Strike 0-2: Ball 1-2: Foul Ball, location: 2F 1-2: Foul Ball, location: 2F 1-2: Strikes out swinging
|
Bottom of the 1st over - 0 runs, 0 hits, 0 errors, 1 left on base; Hagerstown 0 - Fort Wayne 0 |
TOP OF THE 2ND |
Hagerstown Suns batting - Pitching for Fort Wayne TinCaps : LHP Juan Lopez
|
Batting: RHB Antonio Morado
|
0-0: Swinging Strike 0-1: Foul Ball, location: 2F 0-2: Strikes out swinging
|
Batting: RHB Marcus Dawson
|
0-0: Called Strike 0-1: Foul Ball, location: 2F 0-2: Ball 1-2: Ground out 6-3 (Groundball, 6, EV 90.6 MPH)
|
Batting: RHB Scott Skoglund
|
0-0: Called Strike 0-1: Ball 1-1: Foul Ball, location: 2F 1-2: Ground out 1-3 (Groundball, 34S, EV 65.0 MPH)
|
Top of the 2nd over - 0 runs, 0 hits, 0 errors, 0 left on base; Hagerstown 0 - Fort Wayne 0 |
BOTTOM OF THE 2ND |
Fort Wayne TinCaps batting - Pitching for Hagerstown Suns : RHP Cory Jones
|
Batting: SHB Josh Parker
|
0-0: Ball 1-0: Called Strike 1-1: Fly out, F8 (Flyball, 8LS, EV 77.5 MPH)
|
Batting: RHB Bryan Pitcher
|
0-0: Ball 1-0: Called Strike 1-1: Ground out 6-3 (Groundball, 6, EV 104.4 MPH)
|
Batting: SHB Ryohei Nakano
|
0-0: Swinging Strike 0-1: Foul Ball, location: 2F 0-2: Strikes out looking
|
Bottom of the 2nd over - 0 runs, 0 hits, 0 errors, 0 left on base; Hagerstown 0 - Fort Wayne 0 |
TOP OF THE 3RD |
Hagerstown Suns batting - Pitching for Fort Wayne TinCaps : LHP Juan Lopez
|
Batting: LHB Adam Jacobs
|
0-0: Swinging Strike 0-1: Ball 1-1: Called Strike 1-2: Strikes out swinging
|
Pitching: RHP Rick Cotner
|
|
Batting: RHB Derek Moran
|
0-0: Ball 1-0: Ball 2-0: Ball 3-0: Called Strike 3-1: Fly out, F9 (Flyball, 89M, EV 85.6 MPH)
|
Batting: RHB Joe Klein
|
0-0: Foul Ball, location: 2F 0-1: Ball 1-1: Ball 2-1: Swinging Strike 2-2: Foul Ball, location: 2F 2-2: Ball 3-2: Foul Ball, location: 2F 3-2: Strikes out swinging, 2-3 out at first.
|
Top of the 3rd over - 0 runs, 0 hits, 0 errors, 0 left on base; Hagerstown 0 - Fort Wayne 0 |
BOTTOM OF THE 3RD |
Fort Wayne TinCaps batting - Pitching for Hagerstown Suns : RHP Cory Jones
|
Batting: RHB Davey Verhoog
|
0-0: Foul Ball, location: 2F 0-1: Ball 1-1: Swinging Strike 1-2: Foul Ball, location: 2F 1-2: Strikes out looking
|
Batting: RHB Ron Major
|
0-0: Foul Ball, location: 2F 0-1: Ball 1-1: Ball 2-1: Foul Ball, location: 2F 2-2: Foul Ball, location: 2F 2-2: Strikes out looking
|
Batting: LHB Phil Lerner
|
0-0: Called Strike 0-1: Swinging Strike 0-2: Foul Ball, location: 2F 0-2: Ball 1-2: Ball 2-2: Ball 3-2: Foul Ball, location: 2F 3-2: SINGLE (Groundball, 3D, EV 96.9 MPH)
|
Batting: LHB Angel Mejia
|
0-0: Ball Phil Lerner steals 2nd base (no throw) 1-0: DOUBLE (Line Drive, 7LM, EV 105.0 MPH) Phil Lerner scores
|
Batting: SHB Adam Martin
|
0-0: Ball 1-0: Called Strike 1-1: Ball 2-1: Ball 3-1: Base on Balls
|
Batting: LHB James Sousa
|
0-0: Foul Ball, location: 2F 0-1: Ball 1-1: Fly out, F9 (Flyball, 9S, EV 81.2 MPH)
|
Bottom of the 3rd over - 1 run, 2 hits, 0 errors, 2 left on base; Hagerstown 0 - Fort Wayne 1 |
TOP OF THE 4TH |
Hagerstown Suns batting - Pitching for Fort Wayne TinCaps : RHP Rick Cotner
|
Batting: RHB John Savard
|
0-0: Called Strike 0-1: Ground out U3 (Groundball, 34S, EV 85.6 MPH)
|
Batting: RHB Steve Bauman
|
0-0: Ball 1-0: Called Strike 1-1: Ball 2-1: Foul Ball, location: 2F 2-2: Strikes out swinging
|
Batting: LHB Nate Melendez
|
0-0: Ball 1-0: Called Strike 1-1: Ground out U3 (Groundball, 3, EV 90.0 MPH)
|
Top of the 4th over - 0 runs, 0 hits, 0 errors, 0 left on base; Hagerstown 0 - Fort Wayne 1 |
BOTTOM OF THE 4TH |
Fort Wayne TinCaps batting - Pitching for Hagerstown Suns : RHP Cory Jones
|
Batting: SHB Josh Parker
|
0-0: Foul Ball, location: 2F 0-1: Foul Ball, location: 2F 0-2: Foul Ball, location: 2F 0-2: Ball 1-2: SINGLE (Line Drive, 4MD, EV 99.4 MPH)
|
Batting: RHB Bryan Pitcher
|
0-0: Fly out, F9 (Line Drive, 9, EV 90.6 MPH)
|
Batting: SHB Ryohei Nakano
|
0-0: SINGLE (Groundball, 6MD, EV 98.1 MPH) Josh Parker to second
|
Batting: RHB Davey Verhoog
|
0-0: SINGLE (Flyball, 56D, EV 73.8 MPH) Josh Parker to third Ryohei Nakano to second
|
Batting: RHB Ron Major
|
0-0: Called Strike 0-1: Ball 1-1: Fly out, F8 (Flyball, 8LD, EV 81.9 MPH) Runner from 3rd tags up, SCORES, throw by CF
|
Batting: LHB Phil Lerner
|
0-0: Called Strike 0-1: Ball 1-1: Called Strike 1-2: Strikes out looking
|
Bottom of the 4th over - 1 run, 3 hits, 0 errors, 2 left on base; Hagerstown 0 - Fort Wayne 2 |
TOP OF THE 5TH |
Hagerstown Suns batting - Pitching for Fort Wayne TinCaps : RHP Rick Cotner
|
Batting: RHB Antonio Morado
|
0-0: Hit by Pitch
|
Batting: RHB Marcus Dawson
|
0-0: Called Strike 0-1: Ball Antonio Morado steals 2nd, throwing error, E2 Antonio Morado to third 1-1: Ball 2-1: Fly out, F3 (Popup, 3F, EV 67.5 MPH)
|
Batting: RHB Scott Skoglund
|
0-0: Ball 1-0: Ball 2-0: Swinging Strike 2-1: Ground out 6-3 (Groundball, 6, EV 81.9 MPH)
|
Pitching: LHP Alex Pulido
|
|
Batting: LHB Adam Jacobs
|
0-0: Ball 1-0: Ball 2-0: Ball 3-0: Called Strike 3-1: SINGLE (Groundball, 4MD, EV 97.5 MPH) Antonio Morado scores
|
Batting: RHB Derek Moran
|
0-0: Ball 1-0: Ball 2-0: Swinging Strike 2-1: Ball 3-1: Base on Balls Adam Jacobs to second
|
Batting: RHB Joe Klein
|
0-0: Fielders Choice at 2nd, 6-4 (Groundball, 6, EV 82.5 MPH)
|
Top of the 5th over - 1 run, 1 hit, 1 error, 2 left on base; Hagerstown 1 - Fort Wayne 2 |
BOTTOM OF THE 5TH |
Fort Wayne TinCaps batting - Pitching for Hagerstown Suns : RHP Cory Jones
|
Batting: LHB Angel Mejia
|
0-0: Swinging Strike 0-1: Ball 1-1: DOUBLE (Line Drive, 78D, EV 113.8 MPH)
|
Batting: SHB Adam Martin
|
0-0: Ball 1-0: Called Strike Angel Mejia steals 3rd base 1-1: Fly out, F5 (Popup, 56S, EV 66.2 MPH)
|
Batting: LHB James Sousa
|
0-0: Ball 1-0: Swinging Strike 1-1: Ball 2-1: Ball 3-1: Base on Balls
|
Pitching: RHP Bastien Perrini
|
|
Batting: SHB Josh Parker
|
0-0: Foul Ball, location: 2F 0-1: Ball 1-1: Foul Ball, location: 2F 1-2: Fielders Choice at 2nd, 4-6 (Groundball, 4, EV 92.5 MPH) Angel Mejia scores
|
Batting: RHB Bryan Pitcher
|
0-0: Ball 1-0: Ball 2-0: SINGLE (Groundball, 34D, EV 105.0 MPH) Josh Parker to second Runner from 2nd tries for 3rd, OUT! 9-5
|
Bottom of the 5th over - 1 run, 2 hits, 0 errors, 1 left on base; Hagerstown 1 - Fort Wayne 3 |
TOP OF THE 6TH |
Hagerstown Suns batting - Pitching for Fort Wayne TinCaps : LHP Alex Pulido
|
Batting: RHB John Savard
|
0-0: Called Strike 0-1: Foul Ball, location: 2F 0-2: Foul Ball, location: 2F 0-2: Ball 1-2: Foul Ball, location: 2F 1-2: Ball 2-2: Strikes out looking
|
Batting: RHB Steve Bauman
|
0-0: Ball 1-0: Ball 2-0: Ball 3-0: Base on Balls
|
Batting: LHB Nate Melendez
|
0-0: Called Strike 0-1: Swinging Strike 0-2: Ball 1-2: Fly out, F8 (Flyball, 78D, EV 102.5 MPH)
|
Batting: RHB Antonio Morado
|
0-0: Ball 1-0: Ball 2-0: Fly out, F3 (Line Drive, 3, EV 65.6 MPH)
|
Top of the 6th over - 0 runs, 0 hits, 0 errors, 1 left on base; Hagerstown 1 - Fort Wayne 3 |
BOTTOM OF THE 6TH |
Fort Wayne TinCaps batting - Pitching for Hagerstown Suns : RHP Bastien Perrini
|
Batting: SHB Ryohei Nakano
|
0-0: Ball 1-0: Ball 2-0: Ball 3-0: Called Strike 3-1: Base on Balls
|
Batting: RHB Davey Verhoog
|
0-0: Ball 1-0: Fly out, F7 (Flyball, 7D, EV 105.6 MPH) Runner from 1st tags up, SAFE at 2nd
|
Batting: RHB Ron Major
|
0-0: Called Strike 0-1: Ball Ryohei Nakano steals 3rd base 1-1: Fly out, F6 (Line Drive, 6, EV 71.2 MPH)
|
Batting: LHB Phil Lerner
|
0-0: Ball 1-0: Swinging Strike 1-1: Called Strike 1-2: Ground out 4-3 (Groundball, 4, EV 78.8 MPH)
|
Bottom of the 6th over - 0 runs, 0 hits, 0 errors, 1 left on base; Hagerstown 1 - Fort Wayne 3 |
TOP OF THE 7TH |
Hagerstown Suns batting - Pitching for Fort Wayne TinCaps : LHP Alex Pulido
|
Pitching: RHP Bill Jacobs
|
|
Batting: RHB Marcus Dawson
|
0-0: Ball 1-0: Ball 2-0: Ball 3-0: Called Strike 3-1: Called Strike 3-2: DOUBLE (Flyball, 89XD, EV 102.5 MPH)
|
Batting: RHB Scott Skoglund
|
0-0: Called Strike Marcus Dawson steals 3rd base (no throw) 0-1: Foul Ball, location: 2F 0-2: Foul Ball, location: 2F 0-2: Ball 1-2: Ball 2-2: Foul Ball, location: 2F 2-2: SINGLE (Groundball, 56D, EV 99.4 MPH) Marcus Dawson scores
|
Batting: LHB Adam Jacobs
|
0-0: Ball 1-0: SINGLE (Line Drive, 78M, EV 91.9 MPH) Scott Skoglund to second
|
Pinch Runner at 2nd Naofumi Ishida:
|
|
Batting: RHB Derek Moran
|
0-0: Sac Bunt to 2R - play at first, batter OUT! 2-4 Naofumi Ishida to third Adam Jacobs to second
|
Batting: RHB Joe Klein
|
0-0: Ball 1-0: Ball 2-0: Swinging Strike 2-1: Fly out, F8 (Flyball, 8LM, EV 88.1 MPH)
|
Batting: RHB John Savard
|
0-0: Ball 1-0: Called Strike 1-1: Reached on error, E6 (Groundball, 6, EV 90.6 MPH) Naofumi Ishida scores Adam Jacobs scores
|
Batting: RHB Steve Bauman
|
0-0: Swinging Strike 0-1: Ball 1-1: Ball 2-1: Foul Ball, location: 2F 2-2: Ball 3-2: Strikes out swinging
|
Top of the 7th over - 3 runs, 3 hits, 1 error, 1 left on base; Hagerstown 4 - Fort Wayne 3 |
BOTTOM OF THE 7TH |
Fort Wayne TinCaps batting - Pitching for Hagerstown Suns : RHP Bastien Perrini
|
Pitching: RHP Jonathan Arce
|
|
Now at 2B: Naofumi Ishida
|
|
Now at SS: Antonio Morado
|
|
Now in LF: Adam Jacobs
|
|
Batting: LHB Angel Mejia
|
0-0: Ground out 4-3 (Groundball, 4, EV 81.9 MPH)
|
Batting: SHB Adam Martin
|
0-0: Ball 1-0: SINGLE (Groundball, 4D, EV 97.5 MPH)
|
Batting: LHB James Sousa
|
0-0: Ball 1-0: Called Strike 1-1: Called Strike 1-2: Foul Ball, location: 2F 1-2: Strikes out looking
|
Batting: SHB Josh Parker
|
0-0: Called Strike 0-1: Ball Adam Martin steals 2nd, throwing error, E2 Adam Martin to third 1-1: Ground out 4-3 (Groundball, 4, EV 86.9 MPH)
|
Bottom of the 7th over - 0 runs, 1 hit, 1 error, 1 left on base; Hagerstown 4 - Fort Wayne 3 |
TOP OF THE 8TH |
Hagerstown Suns batting - Pitching for Fort Wayne TinCaps : RHP Bill Jacobs
|
Pitching: LHP Jose Diaz
|
|
Batting: LHB Nate Melendez
|
0-0: Swinging Strike 0-1: Ball 1-1: Foul Ball, location: 2F 1-2: Ball 2-2: Strikes out swinging
|
Pitching: RHP Eric Johnson
|
|
Batting: RHB Antonio Morado
|
0-0: Called Strike 0-1: Foul Ball, location: 2F 0-2: SINGLE (Groundball, 3D, EV 94.4 MPH)
|
Batting: RHB Marcus Dawson
|
0-0: Called Strike Antonio Morado steals 2nd base (no throw) 0-1: Ball 1-1: Ball 2-1: Ground out 4-3 (Groundball, 4M, EV 110.6 MPH) Antonio Morado to third
|
Batting: RHB Naofumi Ishida
|
0-0: SINGLE (Groundball, 13S, EV 61.9 MPH) (infield hit) Antonio Morado scores
|
Batting: LHB Adam Jacobs
|
0-0: Fly out, F3 (Line Drive, 3, EV 65.0 MPH)
|
Top of the 8th over - 1 run, 2 hits, 0 errors, 1 left on base; Hagerstown 5 - Fort Wayne 3 |
BOTTOM OF THE 8TH |
Fort Wayne TinCaps batting - Pitching for Hagerstown Suns : RHP Jonathan Arce
|
Pitching: RHP Gilberto Ricalde
|
|
Batting: RHB Bryan Pitcher
|
0-0: Called Strike 0-1: Foul Ball, location: 2F 0-2: SINGLE (Line Drive, 7S, EV 91.2 MPH)
|
Batting: SHB Ryohei Nakano
|
0-0: Called Strike 0-1: Ball 1-1: Swinging Strike 1-2: Strikes out swinging
|
Pinch Hitting: LHB Corey Lewis
|
0-0: Ball 1-0: Fielders Choice at 2nd, 6-4 (Groundball, 6, EV 80.6 MPH)
|
Pinch Hitting: LHB Rogelio Nunez
|
0-0: Ball 1-0: Ball 2-0: Ball 3-0: Called Strike 3-1: Called Strike 3-2: Foul Ball, location: 2F 3-2: Ground out U3 (Groundball, 34S, EV 80.6 MPH)
|
Bottom of the 8th over - 0 runs, 1 hit, 0 errors, 1 left on base; Hagerstown 5 - Fort Wayne 3 |
TOP OF THE 9TH |
Hagerstown Suns batting - Pitching for Fort Wayne TinCaps : RHP Eric Johnson
|
Now at 3B: Rogelio Nunez
|
|
Now in LF: Corey Lewis
|
|
Now in CF: Adam Martin
|
|
Now in RF: Phil Lerner
|
|
Batting: RHB Derek Moran
|
0-0: Called Strike 0-1: Fly out, F9 (Flyball, 9S, EV 92.5 MPH)
|
Batting: RHB Joe Klein
|
0-0: Ball 1-0: Called Strike 1-1: Ball 2-1: Ball 3-1: Swinging Strike 3-2: Strikes out swinging
|
Batting: RHB John Savard
|
0-0: Ball 1-0: Ball 2-0: Called Strike 2-1: Called Strike 2-2: Ground out 6-3 (Groundball, 6, EV 91.2 MPH)
|
Top of the 9th over - 0 runs, 0 hits, 0 errors, 0 left on base; Hagerstown 5 - Fort Wayne 3 |
BOTTOM OF THE 9TH |
Fort Wayne TinCaps batting - Pitching for Hagerstown Suns : RHP Gilberto Ricalde
|
Pitching: RHP Chris Doty
|
|
Batting: LHB Phil Lerner
|
0-0: Foul Ball, location: 2F 0-1: Ball 1-1: Foul Ball, location: 2F 1-2: Ball 2-2: Strikes out looking
|
Batting: LHB Angel Mejia
|
0-0: Called Strike 0-1: Called Strike 0-2: Fly out, F7 (Flyball, 7LS, EV 76.2 MPH)
|
Batting: SHB Adam Martin
|
0-0: Called Strike 0-1: Ground out 4-3 (Groundball, 4, EV 85.0 MPH)
|
Bottom of the 9th over - 0 runs, 0 hits, 0 errors, 0 left on base; Hagerstown 5 - Fort Wayne 3 |
|